 Dungeon Crawl Stone Soup version 0.19-a0-1893-ge087f11 (webtiles) character file.

42 xnavy the Skirmisher (level 3, -4/33 HPs)
             Began as a Minotaur Monk on Dec 6, 2016.
             Killed from afar by Ijyb (17 damage)
             ... with a wand of lightning
             ... on level 2 of the Dungeon.
             The game lasted 00:02:05 (871 turns).

xnavy the Skirmisher (Minotaur Monk)                 Turns: 871, Time: 00:02:05

Health: -4/33      AC: 11    Str: 21    XL:     3   Next: 35%
Magic:  2/2        EV:  7    Int:  7    God:
Gold:   44         SH:  0    Dex: 12    Spells: 2/2 levels left

rFire  . . .     SeeInvis .       - Unarmed
rCold  . . .     Faith    .     n - +0 plate armour
rNeg   . . .     Spirit   .     (no shield)
rPois  .         Reflect  .     (helmet restricted)
rElec  .                        (no cloak)
rCorr  .                        (no gloves)
MR     .....                    d - +0 pair of boots
Stlth  ..........               (no amulet)
                                (no ring)
                                f - +5 ring of strength

@: no status effects
A: retaliatory headbutt, horns 2
a: no special abilities


You were on level 2 of the Dungeon.
You were not hungry.

You visited 1 branch of the dungeon, and saw 2 of its levels.

You collected 44 gold pieces.

Inventory:

Missiles
 e - 492 stones (quivered)
 g - a throwing net {=f, !d}
Armour
 d - a +0 pair of boots (worn)
   (You found it on level 1 of the Dungeon)
 n - a +0 plate armour (worn)
   (You found it on level 2 of the Dungeon)
Jewellery
 f - a +5 ring of strength (left hand)
   (You found it on level 1 of the Dungeon)
Scrolls
 b - 3 scrolls of identify {unknown}
 c - a scroll of teleportation {unknown}
 h - a scroll of recharging {unknown}
 j - a scroll of enchant armour {unknown}
 l - 2 scrolls of remove curse {unknown}
 m - a scroll of magic mapping {unknown}
Potions
 i - a potion of invisibility {unknown}
 k - a potion of mutation {unknown}


   Skills:
 + Level 3.9 Fighting
 + Level 3.9 Dodging
 + Level 2.0 Stealth
 + Level 3.9 Unarmed Combat


You had 2 spell levels left.
You didn't know any spells.

Dungeon Overview and Level Annotations

Branches:
Dungeon (2/15)
   Lair: D:-1         Crypt: Vaults:-1     Tomb: Vaults:-1

Altars:

Annotations:
D:2 Ijyb


Innate Abilities, Weirdness & Mutations

You reflexively headbutt those who attack you in melee.
You have a pair of horns on your head.


Message History

A giant cockroach comes into view.
A giant cockroach is nearby!
Aim: a giant cockroach (clinging)
You throw a stone.
The stone hits the giant cockroach but does no damage.
Aim: a giant cockroach (clinging)
You throw a stone.
The stone completely misses the giant cockroach (0).
Aim: a giant cockroach (clinging)
You throw a stone.
The stone barely misses the giant cockroach (0).
You hit the giant cockroach (5).
You kill the giant cockroach!
No target in view!
No target in view!
No target in view!
You see here a giant cockroach corpse.
Butchering corpses is strictly forbidden in this dungeon.
Butchering corpses is strictly forbidden in this dungeon.
Butchering corpses is strictly forbidden in this dungeon.
Found a stone staircase leading up.
You see here a giant cockroach corpse.
Butchering corpses is strictly forbidden in this dungeon.
Unknown command.
Butchering corpses is strictly forbidden in this dungeon.
Unknown command.
Unknown command.
You see here a giant cockroach corpse.
Butchering corpses is strictly forbidden in this dungeon.
You now have 44 gold pieces (gained 4).
A bat comes into view.
Aim: a bat You throw a stone.
The stone hits the bat (2).
The bat hits you but does no damage.
You closely miss the bat. Your headbutt misses the bat.
The bat hits you but does no damage.
Aim: a bat (heavily wounded)
You throw a stone. The stone barely misses the bat (0).
The bat hits you but does no damage.
You hit the bat (5).
You kill the bat!
No target in view!
No target in view! 2 goblins come into view.
The goblin shouts!
The goblin wields a hunting sling.
The goblin shoots a stone.
The stone barely misses you (0). 2 goblins come into view.
Aim: a goblin, wielding a dagger (hasn't noticed you)
You throw a stone.
The stone closely misses the goblin (0).
The goblin shouts!
A goblin comes into view. It is wielding a club.
Aim: a goblin, wielding a club You throw a stone.
The stone hits the goblin (1).
The goblin shoots a stone.
The stone completely misses you (0).
Aim: a goblin, wielding a club (moderately wounded)
You throw a stone.
The stone closely misses the goblin (0).
The goblin shoots a stone.
The stone hits you but does no damage.
Aim: a goblin, wielding a club (moderately wounded)
You throw a stone.
The stone completely misses the goblin (0).
Ijyb the Twisted Goblin comes into view.
She is wielding a dagger.
Aim: a goblin, wielding a club (moderately wounded)
You throw a stone. The stone barely misses the goblin (0).
Ijyb shouts!
You completely miss the goblin. Your headbutt misses the goblin.
You punch the goblin (3).
You kill the goblin!
Aim: a goblin, wielding a club You throw a stone.
The stone barely misses the goblin (0).
A goblin comes into view.
The goblin shouts!
You hit the goblin (5).
You kill the goblin!
You hit the goblin (6).
You kill the goblin!
Your Stealth skill increases to level 2!
The goblin shoots a stone.
The stone barely misses you (0).
Ijyb throws a stone.
The stone hits you but does no damage.
Aim: Ijyb, wielding a dagger and wearing a leather armour You throw a stone.
The stone hits Ijyb but does no damage.
The goblin shoots a stone.
The stone hits you but does no damage.
Ijyb throws a stone.
The stone closely misses you (0).
Aim: Ijyb, wielding a dagger and wearing a leather armour You throw a stone.
The stone hits Ijyb but does no damage.
The goblin shoots a stone.
The stone hits you (1).
Ijyb zaps a wand.
The bolt of lightning hits you!
Ouch! That really hurt!
It is a wand of lightning.
You take 20 damage, and have 13/33 hp.
MASSIVE DAMAGE!!
Ijyb zaps a wand.
The bolt of lightning hits the goblin.
The goblin dies!
The bolt of lightning hits you!
Ouch! That really hurt!
You die...

######.# ##......####
#.# #.....#....#
8.8.8.. #.#
#.......##.# .......
#.# #.#.##.###.#
....... #.# #.#.##.#
#.# ....... #.#
##.#.##.# #.# ....g..
#.###...†...# #.#
....g.. #...........#
#.#
8.8.8..###@###...#...#
#.# ####.g)...#
##.###.## #.#
########.###!###.# #.#
#.# ...<..##.# #. #.#
#.# #.# ....†....#
#.###.####.###.##
#####.##.#
#.................
#.##.#
#####.########.###
####.##.#######.##
.................##


You could see Ijyb.

Vanquished Creatures
  An ooze (D:1)
  A dart slug (D:1)
  4 bats
  3 giant cockroaches
  7 goblins
  2 hobgoblins (D:1)
  4 jackals (D:1)
  2 kobolds (D:1)
  3 frilled lizards (D:1)
  6 rats
33 creatures vanquished.

Vanquished Creatures (others)
  A goblin (D:2)
1 creature vanquished.

Grand Total: 34 creatures vanquished

Notes
Turn   | Place    | Note
-------+----------+-------------------------------------------
     0 | D:1      | xnavy the Minotaur Monk began the quest for the Orb.
     0 | D:1      | Reached XP level 1. HP: 19/19 MP: 0/0
   340 | D:1      | Reached XP level 2. HP: 27/27 MP: 1/1
   413 | D:1      | Reached XP level 3. HP: 25/33 MP: 2/2
   863 | D:2      | Noticed Ijyb
   867 | D:2      | Reached skill level 2 in Stealth
   871 | D:2      | Killed from afar by Ijyb

Vault maps used:
D:1:      nagdon_arrival_zigzag_paths
D:2:      kennysheep_the_goblin_king

Skill      XL: |  1  2  3 |
---------------+----------+-----
Stealth        | 2 |  2.0
Fighting       | |  3.9
Dodging        | |  3.9
Unarmed Combat | |  3.9

Action                   || total
-------------------------++-------
Melee: Unarmed           ||    46
       Headbutt          ||     9
       Punch             ||     1
Throw: Stone             ||    60
Armor: Robe              ||    12
       Plate armour      ||     6
Dodge: Dodged            ||    32

Vault maps used:
D:1:      nagdon_arrival_zigzag_paths
D:2:      kennysheep_the_goblin_king

Table legend:
 A = Turns spent in this place as a percentage of turns spent in the entire game.
 B = Non-inter-level travel turns spent in this place as a percentage of non-inter-level travel turns spent in the entire game.
 C = Inter-level travel turns spent in this place as a percentage of turns spent in this place.
 D = Turns resting spent in this place as a percentage of non-inter-level travel turns spent in this place.
 E = Turns spent auto-exploring this place as a percentage of non-inter-level travel turns spent in this place.
 F = Non-inter-level travel turns spent in this place divided by the number of levels of this place that you've seen.
                   A       B       C       D       E      F
               +-------+-------+-------+-------+-------+----------------------
         Total | 100.0 | 100.0 |   0.3 |   0.6 |   9.8 | 164.0
       Dungeon | 100.0 | 100.0 |   0.3 |   0.6 |   9.8 | 164.0
               +-------+-------+-------+-------+-------+----------------------

Table legend:
 A = Kills in this place as a percentage of kills in entire the game.
 B = Kills by you in this place as a percentage of kills by you in the entire game.
 C = Kills by friends in this place as a percentage of kills by friends in the entire game.
 D = Other kills in this place as a percentage of other kills in the entire game.
 E = Experience gained in this place as a percentage of experience gained in the entire game.
 F = Experience gained in this place divided by the number of levels of this place that you have seen.
                   A       B       C       D       E      F
               +-------+-------+-------+-------+-------+----------------------
         Total | 100.0 | 100.0 |  -nan |  -nan | 100.0 |  30.5
       Dungeon | 100.0 | 100.0 |  -nan |  -nan | 100.0 |  30.5
               +-------+-------+-------+-------+-------+----------------------
